 Dungeon Crawl Stone Soup version 0.21-a0-584-g185da8e (webtiles) character file.

1013 Amnesiac the Chiller (level 8, -4/44 HPs)
             Began as a Deep Elf Ice Elementalist on Dec 21, 2017.
             Was a Believer of Sif Muna.
             Slain by a wyvern zombie (13 damage)
             ... on level 6 of the Dungeon.
             The game lasted 00:08:59 (5023 turns).

Amnesiac the Chiller (Deep Elf Ice Elementalist)    Turns: 5023, Time: 00:09:00

Health: -4/44      AC:  5    Str:  5    XL:     8   Next: 1%
Magic:  1/18       EV: 13    Int: 23    God:    Sif Muna [**....]
Gold:   47         SH:  0    Dex: 15    Spells: 4/18 levels left

rFire    + . .     SeeInvis .   a - +3 blowgun
rCold    . . .     Gourm    .   (no shield)
rNeg     . . .     Faith    .   x - +0 robe
rPois    +         Spirit   .   t - +2 helmet
rElec    .         Reflect  .   (no cloak)
rCorr    .         Harm     .   (no gloves)
MR       .....                  (no boots)
Stlth    ++........             (no amulet)
HPRegen  0.14/turn              y - ring of poison resistance
MPRegen  0.16/turn              k - ring of protection from fire

@: no casting
A: no striking features
a: Stop Divine Energy, Renounce Religion


You were on level 6 of the Dungeon.
You worshipped Sif Muna.
Sif Muna was pleased with you.
You were hungry.

You visited 1 branch of the dungeon, and saw 6 of its levels.

You collected 307 gold pieces.
You spent 260 gold pieces at shops.

Inventory:

Hand Weapons
 a - a +3 blowgun (weapon)
 g - a +1 dagger of freezing
Missiles
 r - 21 poisoned needles (quivered)
Armour
 t - a +2 helmet (worn)
 x - a +0 robe (worn)
Magical Staves
 b - an uncursed staff of summoning
Jewellery
 k - a ring of protection from fire (right hand)
 y - a ring of poison resistance (left hand)
Wands
 f - a wand of clouds (2)
 p - a wand of digging (8)
Scrolls
 l - 2 scrolls of teleportation {!r}
 n - a scroll of blinking {!r}
 o - a scroll of remove curse {!r}
 w - a scroll of magic mapping {!r}
Potions
 e - a potion of cancellation {!q}
 h - 3 potions of curing {!q}
 i - 2 potions of berserk rage {!q, unknown}
 j - 2 potions of heal wounds {!q}
 m - a potion of resistance {!q}
 q - 2 potions of brilliance {!q}
 s - a potion of might {!q}
 u - a potion of lignification {!q}
 v - 2 potions of ambrosia {!q}
 C - a potion of haste {!q}
 D - a potion of magic {!q}
Books
 z - a book of Maledictions

   Spells                             Type                      Level
   a - Corona                         Hexes                        1
   b - Ensorcelled Hibernation        Hexes/Ice                    2
   c - Confuse                        Hexes                        3
   d - Tukima's Dance                 Hexes                        3
   e - Dazzling Spray                 Conjuration/Hexes            3
 B - a book of Frost

   Spells                             Type                      Level
   a - Freeze                         Ice                          1
   b - Throw Frost                    Conjuration/Ice              2
   c - Ozocubu's Armour               Charms/Ice                   3
   d - Throw Icicle                   Conjuration/Ice              4
   e - Summon Ice Beast               Ice/Summoning                4
Comestibles
 c - 8 rations
 d - 6 chunks of flesh


   Skills:
 - Level 2.2 Fighting
 - Level 3.3 Dodging
 - Level 2.4 Stealth
 + Level 5.9 Spellcasting
 * Level 6.2 Conjurations
 * Level 6.3 Ice Magic


You had 4 spell levels left.
You knew the following spells:

 Your Spells              Type           Power        Failure   Level  Hunger
a - Freeze                Ice            ####         1%          1    None
b - Ozocubu's Armour      Chrm/Ice       ###.....     7%          3    #......
c - Summon Ice Beast      Ice/Summ       ###.....     24%         4    ###....
d - Throw Icicle          Conj/Ice       #####...     6%          4    ###....
e - Ensorcelled Hibernat  Hex/Ice        ###...       3%          2    None


Dungeon Overview and Level Annotations

Branches:
Dungeon (6/15)
 Temple: D:4-7

Altars:
Sif Muna

Shops:
D:4 !


Message History

The wyvern zombie partially resists.
The wyvern zombie is lightly damaged.
The wyvern zombie misses you.
Casting: Throw Icicle
Confirm with . or Enter, or press ? or * to list all spells.
Aiming: Throw Icicle
Press: ? - help, Shift-Dir - straight line, f/p - wyvern zombie
Aim: a wyvern zombie (lightly damaged)
The shard of ice misses the wyvern zombie.
Sif Muna grants you divine energy.
You briefly lose access to your magic!
The wyvern zombie bites you but does no damage. x2
You are unable to access your magic!
You are unable to access your magic!
You are unable to access your magic!
You are unable to access your magic!
You are unable to access your magic!
The wyvern zombie bites you.
You are unable to access your magic!
You are unable to access your magic!
You regain access to your magic.
Casting: Throw Icicle
Confirm with . or Enter, or press ? or * to list all spells.
Aiming: Throw Icicle
Press: ? - help, Shift-Dir - straight line, f/p - wyvern zombie
Aim: a wyvern zombie (lightly damaged)
The shard of ice hits the wyvern zombie.
The wyvern zombie partially resists.
The wyvern zombie is moderately damaged.
You are feeling hungry.
Sif Muna grants you divine energy.
You briefly lose access to your magic!
The wyvern zombie bites you! The wyvern zombie bites you.
The wyvern zombie bites you.
You are unable to access your magic!
A hound comes into view.
You regain access to your magic.
The hound barks!
Casting: Throw Icicle
Confirm with . or Enter, or press ? or * to list all spells.
Aiming: Throw Icicle
Press: ? - help, Shift-Dir - straight line, f/p - wyvern zombie
Aim: a wyvern zombie (moderately damaged)
The shard of ice hits the wyvern zombie.
The wyvern zombie partially resists.
The wyvern zombie is heavily damaged.
Sif Muna grants you divine energy.
You briefly lose access to your magic!
The hound barely misses you. The wyvern zombie bites you!
* * * LOW HITPOINT WARNING * * *
The hound bites you but does no damage.
Really attack while wielding your +3 blowgun? [Y]es or [N]o only, please.
Really attack while wielding your +3 blowgun? [Y]es or [N]o only, please.
Really attack while wielding your +3 blowgun?
Okay, then.
The hound barely misses you. The wyvern zombie bites you!
* * * LOW HITPOINT WARNING * * *
The hound bites you.
* * * LOW HITPOINT WARNING * * *
The hound bites you but does no damage. The wyvern zombie bites you!
You die...

........ ....#
........ ....#
#.....# ...#
##.....###...## #...
#.............#
#....>#.............#
#.....#.............#
#.....#.......@.....#
#.....##....###Zh..##
#.....#####'###....##
#...........#.......#
#..........#.......#
##..........#.......#
#.....##....##......#
#.....##'#####......#
#............#......#


You could see a hound and a wyvern zombie.

Vanquished Creatures
  The ghost of Thaneod the Magician, an amateur DEFE of Vehumet (D:4)
  An ice beast (D:6)
  A black bear (D:5)
  2 ogres
  A centaur (D:6)
  A scorpion (D:6)
  A crimson imp (D:5)
  2 orc wizards
  3 iguanas
  3 worker ants
  A hound skeleton (D:5)
  A howler monkey skeleton (D:4)
  5 adders (D:2)
  2 adder skeletons (D:5)
  4 worms
  3 dart slugs
  5 leopard geckos
  13 orcs
  7 bats
  5 giant cockroaches
  11 goblins
  10 hobgoblins
  8 jackals
  3 kobolds
  A quokka (D:2)
  3 ball pythons (D:3)
  8 frilled lizards
  A giant cockroach zombie (D:5)
  A jackal skeleton (D:4)
  A quokka zombie (D:5)
  2 rats (D:3)
111 creatures vanquished.

Notes
Turn   | Place    | Note
-------+----------+-------------------------------------------
     0 | D:1      | Amnesiac the Deep Elf Ice Elementalist began the quest for the Orb.
     0 | D:1      | Reached XP level 1. HP: 10/10 MP: 6/6
    54 | D:1      | Reached skill level 1 in Fighting
   286 | D:1      | Reached XP level 2. HP: 16/16 MP: 6/8
   958 | D:2      | Reached XP level 3. HP: 21/21 MP: 4/9
   979 | D:2      | Learned a level 3 spell: Ozocubu's Armour
  1146 | D:2      | Found a faded altar of an unknown god.
  1159 | D:2      | Reached XP level 4. HP: 26/26 MP: 7/10
  1299 | D:2      | Found a deep blue altar of Sif Muna.
  1358 | D:2      | Became a worshipper of Sif Muna the Loreminder
  1466 | D:2      | Learned a level 4 spell: Throw Icicle
  2275 | D:3      | Reached XP level 5. HP: 22/30 MP: 4/11
  2992 | D:4      | Reached * piety under Sif Muna
  3075 | D:4      | Noticed Thaneod's ghost (amateur DEFE)
  3082 | D:4      | Killed Thaneod's ghost
  3082 | D:4      | Reached skill level 5 in Conjurations
  3082 | D:4      | Reached XP level 6. HP: 27/35 MP: 5/12
  3545 | D:4      | Reached skill level 5 in Ice Magic
  3552 | D:4      | Found Muar Icw's Distillery.
  3556 | D:4      | Bought a potion of heal wounds for 50 gold pieces
  3556 | D:4      | Bought a potion of curing for 30 gold pieces
  3556 | D:4      | Bought a potion of haste for 100 gold pieces
  3556 | D:4      | Bought a potion of magic for 80 gold pieces
  3672 | D:5      | Entered Level 5 of the Dungeon
  3873 | D:5      | Reached skill level 5 in Spellcasting
  3873 | D:5      | Reached XP level 7. HP: 27/40 MP: 10/16
  4291 | D:5      | Learned a level 4 spell: Summon Ice Beast
  4294 | D:5      | Learned a level 2 spell: Ensorcelled Hibernation
  4516 | D:5      | Reached ** piety under Sif Muna
  4967 | D:6      | Reached XP level 8. HP: 44/44 MP: 0/18
  5023 | D:6      | Slain by a wyvern zombie

Vault maps used:
D:1:      nicolae_arrival_somewhat_less_tricky_arrival, minmay_misc_feat_iff,
          minmay_close_crescents
D:2:      cheibrodos_greedy_goblins, lemuel_blue_sif_altar,
          chequers_ecumenical_altar_simple, minmay_randomly_rotated_circles
D:4:      serial_shops, shop, first_ration
D:5:      corexii_item_surrounded_by_moat
D:6:      basic_altar, grunt_qazlal_sundering, uniq_duvessa, uniq_pikel

Skill      XL: |  1  2  3  4  5  6  7 |
---------------+----------------------+-----
Fighting       | 1 2 |  2.2
Dodging        | 3 |  3.3
Ice Magic      | 4 5 6 |  6.3
Conjurations   | 3 5 6 |  6.2
Spellcasting   | 5 |  5.9
Stealth        | |  2.4

Action                   |  1- 3 |  4- 6 |  7- 9 || total
-------------------------+-------+-------+-------++-------
Melee: Unarmed           |     2 |     3 |       ||     5
 Fire: Blowgun           |       |    33 |    32 ||    65
 Cast: Freeze            |    38 |   107 |    24 ||   169
       Throw Icicle      |       |    12 |    19 ||    31
Invok: Divine Energy     |       |     1 |       ||     1
  Use: Scroll            |       |    15 |     1 ||    16
 Stab: Sleeping          |       |     1 |       ||     1
  Eat: Chunk             |     1 |    10 |     6 ||    17
Armor: Robe              |     3 |    16 |    11 ||    30
Dodge: Dodged            |    21 |    63 |    26 ||   110

Table legend:
 A = Spawn XP
 B = Non-spawn XP
 C = Spawn XP percentage of total XP
 D = Spawn monster count
 E = Non-spawn monster count
 F = Spawn count percentage of total count
 G = Total turns spent on level
                    A         B        C        D         E        F      G
               +---------+---------+-------+---------+---------+-------+---------
         Total |       0 |    1448 |   0.0 |       0 |     111 |   0.0 |  5023
               +---------+---------+-------+---------+---------+-------+---------
           D:1 |       0 |      25 |   0.0 |       0 |      13 |   0.0 |   960
           D:2 |       0 |     127 |   0.0 |       0 |      31 |   0.0 |  1131
           D:3 |       0 |     108 |   0.0 |       0 |      32 |   0.0 |   712
           D:4 |       0 |     323 |   0.0 |       0 |       8 |   0.0 |   869
           D:5 |       0 |     476 |   0.0 |       0 |      18 |   0.0 |  1155
           D:6 |       0 |     389 |   0.0 |       0 |       9 |   0.0 |   196
               +---------+---------+-------+---------+---------+-------+---------
